 Dungeon Crawl Stone Soup version 0.31-a0-981-geadf994542 (webtiles) character file.

Game seed: 1075410302093778298

173 sammy202020 the Trooper (level 5, -10/51 HPs)
             Began as a Gargoyle Berserker on Oct 31, 2023.
             Was a Believer of Trog.
             Mangled by a gnoll
             ... wielding a +0 halberd
              (11 damage)
             ... on level 3 of the Dungeon.
             The game lasted 00:02:37 (2014 turns).

sammy202020 the Trooper (Gargoyle Berserker)        Turns: 2014, Time: 00:02:37

Health: -10/51     AC: 11    Str: 21    XL:     5   Next: 53%
Magic:  5/5        EV: 11    Int:  9    God:    Trog [**....]
Gold:   125        SH:  0    Dex:  9    Spells: 4/4 levels left

rFire   . . .        b - +0 morningstar
rCold   . . .        (no shield)
rNeg    + . .        f - +0 ring mail
rPois   ∞            (no helmet)
rElec   +            (no cloak)
rCorr   .            (no gloves)
SInv    .            e - +1 pair of boots
Will    .....        (no amulet) Stlth
                     (no ring)
HPRegen 0.28/turn    (no ring)
MPRegen 0.09/turn

%: no passive effects
@: berserking, very quick
A: sickness immunity, AC +4, negative energy resistance 1, electricity
resistance, torment resistance 1, petrification resistance
a: Renounce Religion, Berserk, Trog's Hand


You were on level 3 of the Dungeon.
You worshipped Trog.
Trog was pleased with you.
You visited 1 branch of the dungeon, and saw 3 of its levels.

You collected 125 gold pieces.

Inventory:

Hand Weapons
 a - a +0 mace
 b - a +0 morningstar (weapon)
Armour
 e - a +1 pair of boots (worn)
 f - a +0 ring mail (worn)
Scrolls
 d - 6 scrolls of teleportation
 g - a scroll of identify {unknown}
 h - a scroll of blinking
Potions
 c - a potion of might


   Skills:
 * Level 4.5 Fighting
 * Level 4.0 Maces & Flails
 * Level 3.6 Armour
 + Level 2.2 Dodging


You had 4 spell levels left.
You didn't know any spells.
Your spell library was empty.

Dungeon Overview and Level Annotations

Branches:
Dungeon (3/15)

Altars:


Innate Abilities, Weirdness & Mutations

You are immune to sickness and miasma.
Your stone body is resilient. (AC +4)
You are immune to poison.
You resist negative energy. (rN+)
You are resistant to electric shocks. (rElec)
You are resistant to unholy torment.
You are immune to petrification.


Message History

Trog accepts your kill. The orc hits you but does no damage.
The orc barely misses you.
You closely miss the orc. The orc closely misses you.
The orc barely misses you. The orc hits you with a +0 flail.
The gnoll closely misses you.
You hit the orc.
The orc is moderately wounded.
Something hits you but does no damage. The gnoll misses you.
The orc misses you.
You closely miss the orc.
The orc is moderately wounded.
Something hits you.
The orc priest hits you but does no damage.
The gnoll barely misses you. The orc misses you.
You closely miss the orc.
The orc is moderately wounded.
The orc hits you but does no damage. Something hits you but does no damage.
The orc priest hits you from afar with a +0 trident.
The gnoll closely misses you. The orc closely misses you.
Something hits you but does no damage. The orc hits you but does no damage.
The gnoll closely misses you. The orc closely misses you.
The gnoll hits you from afar with a +0 halberd!
The orc priest hits you from afar with a +0 trident.
A red film seems to cover your vision as you go berserk!
You feel yourself moving faster!
You feel mighty! The orc hits you but does no damage.
Something hits you but does no damage.
The orc priest hits you but does no damage.
The gnoll hits you but does no damage. The orc hits you but does no damage.
The gnoll hits you from afar with a +0 halberd.
* * * LOW HITPOINT WARNING * * *
You closely miss something. You sock something!
The gnoll hits you from afar with a +0 halberd!
* * * LOW HITPOINT WARNING * * *
The orc hits you with a +0 short sword.
* * * LOW HITPOINT WARNING * * *
Something completely misses you.
The orc priest hits you but does no damage.
The gnoll hits you from afar with a +0 halberd!
You die...

#.........#######
#.................
#..#.#.#.#.#.#.#.#. ###
#..........[.......
##.###.##.#.#.#...#.#.#
#.....^##....#.......?.
.<..........#.#.....#.#.
#
#...#######......o......
####### ##%##
###.#.@.g...# .......
##.######.......)oo.....
.......
....#......####g#g#.#.#.
####### ...#.......
#....#.. ..#........
#...#.#.# ######
.#......... ###.......
...... #.......... ##
#.#. .##### ..##†[.....
.. ..# ....... #.#####


You could see an orc priest, 3 gnolls and 2 orcs.

Vanquished Creatures
  A jelly (D:3)
  A gnoll (D:3)
  5 adders (D:2)
  3 worms
  3 dart slugs
  6 orcs
  4 endoplasms
  3 giant cockroaches
  3 goblins
  4 hobgoblins
  7 jackals (D:1)
  4 kobolds
  3 quokkas (D:1)
  7 ball pythons
  3 bats (D:1)
  6 frilled lizards
  3 rats
66 creatures vanquished.

Notes
Turn   | Place    | Note
-------+----------+-------------------------------------------
     0 | D:1      | sammy202020 the Gargoyle Berserker began the quest for the
                  | Orb.
     0 | D:1      | Reached XP level 1. HP: 14/14 MP: 1/1
   198 | D:1      | Reached XP level 2. HP: 19/19 MP: 2/2
   527 | D:1      | Reached XP level 3. HP: 24/24 MP: 3/3
   579 | D:1      | Reached ** piety under Trog
   986 | D:2      | Found a faded altar of an unknown god.
  1074 | D:2      | Reached XP level 4. HP: 29/29 MP: 4/4
  1566 | D:3      | Reached XP level 5. HP: 33/33 MP: 5/5
  2014 | D:3      | HP: 1/51 [orc/+0 short sword (2)]
  2014 | D:3      | Mangled by a gnoll

Illustrated notes

Levels and vault maps discovered:
D:1:      onia_arrival_pyramid, layout_loops_ring, kennysheep_minor_cross
D:2:      layout_loops_ring, hellmonk_ecumenical_altar_defaced_shrine,
          minmay_misc_feat_secret_circle
D:3:      layout_loops_ring, amcnicky_mini_rare_corridor_liquid,
          hangedman_decor_opposing, minivault_26, hangedman_decor_riveting

Skill      XL: |  1  2  3  4  5 |
---------------+----------------+-----
Armour         | 3 |  3.6
Dodging        | 2 |  2.2
Fighting       | 4 |  4.5
Maces & Flails | 4 |  4.0

Action                     |  1- 3 |  4- 6 || total
---------------------------+-------+-------++-------
  Melee: Mace              |    85 |       ||    85
         Morningstar       |    10 |   111 ||   121
 Invoke: Berserk           |       |     1 ||     1
    Use: Scroll            |     1 |     1 ||     2
         Potion            |       |     1 ||     1
 Armour: Ring mail         |    70 |   119 ||   189
         Animal skin       |     1 |       ||     1
  Dodge: Dodged            |    71 |    98 ||   169

Table legend: (Time is in decaauts)
 A = Elapsed time spent in this place.
 B = Non-inter-level travel time spent in this place.
 C = Inter-level travel time spent in this place.
 D = Time resting spent in this place.
 E = Time spent auto-exploring this place.
 F = Levels seen in this place.
 G = Mean time per level.
                   A        B        C        D        E       F      G
               +--------+--------+--------+--------+--------+-----+--------+
         Total |   2071 |   2042 |     29 |      0 |   1519 |   3 |  690.3 |
       Dungeon |   2071 |   2042 |     29 |      0 |   1519 |   3 |  690.3 |
               +--------+--------+--------+--------+--------+-----+--------+

Top non-repeatable levels by time:
     D:2: 879 daAuts
     D:1: 723 daAuts
     D:3: 468 daAuts
